 Dungeon Crawl Stone Soup version 0.24-a0-516-g9de272bb65 (webtiles) character file.

Game seed: 10697736591735465525

1507 KristoblXynda the Charlatan (level 8, -2/59 HPs)
             Began as a White Draconian Artificer on July 21, 2019.
             Was an Initiate of Ashenzari.
             Killed by divine providence
             ... invoked by an orc priest
              (14 damage)
             ... on level 6 of the Dungeon.
             The game lasted 00:10:30 (6382 turns).

KristoblXynda the Charlatan (DrAr)                  Turns: 6382, Time: 00:10:31

Health: -2/59      AC: 10    Str: 15    XL:     8   Next: 53%
Magic:  12/12      EV: 14    Int: 14    God:    Ashenzari [......]
Gold:   339        SH:  0    Dex: 11    Spells: 7/7 levels left

rFire    . . .     SeeInvis .   l - +0 short sword (venom)
rCold    + . .     Gourm    .   (no shield)
rNeg     . . .     Faith    .   (armour unavailable)
rPois    .         Spirit   .   (helmet restricted)
rElec    .         Reflect  .   i - +2 cloak
rCorr    .         Harm     .   (no gloves)
MR       .....                  r - +0 pair of boots (curse)
Stlth    ++........             (no amulet)
HPRegen  0.19/turn              (no ring)
MPRegen  0.13/turn              (no ring)

@: lightly drained
A: breathe frost, unfitting armour, cold resistance 1, cold-blooded, AC +6
a: Breathe Frost, Curse Item, Renounce Religion


You were on level 6 of the Dungeon.
You worshipped Ashenzari.
Ashenzari was noncommittal.
You were very hungry.

You visited 2 branches of the dungeon, and saw 7 of its levels.

You collected 339 gold pieces.

Inventory:

Hand Weapons
 l - a +0 short sword of venom (weapon)
 t - a +1 vampiric war axe
Armour
 i - a +2 cloak (worn)
 r - a cursed +0 pair of boots (worn)
 u - a +0 buckler
Wands
 c - a wand of enslavement (5)
 d - a wand of random effects (9)
Scrolls
 b - a scroll of identify
 e - 4 scrolls of remove curse
 g - 2 scrolls of magic mapping
 h - 4 scrolls of blinking
 j - a scroll of teleportation {unknown}
 k - a scroll of enchant armour {unknown}
 m - 2 scrolls of enchant weapon
 n - a scroll of immolation {unknown}
 x - a scroll of random uselessness {unknown}
Potions
 a - 3 potions of haste
 o - a potion of magic
 p - a potion of resistance
 s - 2 potions of invisibility
 A - a potion of mutation
Comestibles
 f - 9 rations


   Skills:
 - Level 1.1(0.6) Fighting
 - Level 4.1(3.5) Short Blades
 * Level 4.7(4.1) Axes
 - Level 5.0(4.5) Dodging
 - Level 4.0(3.4) Stealth
 + Level 0.2(0.0) Shields
 + Level 6.1(5.5) Evocations


You had 7 spell levels left.
You didn't know any spells.
Your spell library was empty.

Dungeon Overview and Level Annotations

Branches:
Dungeon (6/15)             Temple (1/1) D:5

Altars:
Ashenzari
Cheibriados
Dithmenos
Elyvilon
Fedhas
Gozag
Hepliaklqana
Kikubaaqudgha
Makhleb
Nemelex Xobeh
Okawaru
Ru
Sif Muna
Uskayaw


Innate Abilities, Weirdness & Mutations

You can breathe waves of freezing cold.
You can buffet flying creatures when you breathe cold.
Your icy white scales are hard. (AC +6)
You cannot fit into any form of body armour.
Your flesh is cold resistant. (rC+)
You are cold-blooded and may be slowed by cold attacks.


Message History

The necrophage hits you.
You closely miss the necrophage.
The necrophage is heavily damaged.
The necrophage hits you.
The orc priest casts a cantrip, but nothing happens.
You hit the necrophage.
Your tail-slap misses the necrophage.
The necrophage is heavily damaged.
The necrophage barely misses you.
You closely miss the necrophage.
Your tail-slap misses the necrophage.
The necrophage is heavily damaged.
The necrophage completely misses you.
The orc priest calls down the wrath of Beogh upon you.
Beogh smites you!
* * * LOW HITPOINT WARNING * * *
You hit the necrophage.
The necrophage is heavily damaged.
The necrophage closely misses you.
The orc priest invokes the aid of Beogh against you.
Beogh smites you!
You die...

* *,,,,,,*
#................ *
****,,,* #..........######
* *,,,* #..........#
################..........#
#≈§≈≈≈≈≈≈≈≈≈≈≈#...........#
#§§≈≈.....≈§≈§#o###########
#≈≈§......§§§§#s#
#≈≈....≈..§§§≈#n#
#§§..≈≈.≈§§§§≈#@#
#≈...≈...≈...≈#.#
#≈..≈..≈..≈..≈#)#
#≈...≈...≈...≈#.#
#≈...≈≈.≈≈...§#.#
#≈≈....≈....≈≈#.#
#≈≈≈.......≈≈≈#.#
#§§≈≈.....≈≈§≈#.#
#§≈≈≈≈§.≈≈≈≈≈≈#.#


You could see a necrophage, a scorpion and an orc priest.

Vanquished Creatures
  Edmund (D:4)
  A phantom (D:4)
  3 ogres
  A centaur (D:6)
  4 bullfrogs
  3 wights (D:6)
  A howler monkey (D:6)
  A crimson imp (D:5)
  3 hounds
  An orc priest (D:4)
  An orc wizard (D:4)
  Terence (D:2)
  An iguana (D:6)
  4 worker ants
  3 gnolls (D:4)
  3 adders
  A shadow imp (D:6)
  2 oozes
  An adder skeleton (D:4)
  5 worms
  4 dart slugs
  9 leopard geckos
  17 orcs
  A ball python (D:1)
  3 bats
  7 giant cockroaches
  9 goblins
  9 hobgoblins
  9 jackals
  2 quokkas
  6 frilled lizards
  7 kobolds
  A leopard gecko skeleton (D:4)
  3 rats
128 creatures vanquished.

Vanquished Creatures (collateral kills)
  A goblin (D:1)
  A kobold (D:1)
2 creatures vanquished.

Vanquished Creatures (others)
  A wight (D:6)
  A kobold (D:1)
2 creatures vanquished.

Grand Total: 132 creatures vanquished

Notes
Turn   | Place    | Note
-------+----------+-------------------------------------------
     0 | D:1      | KristoblXynda the Draconian Artificer began the quest for
                  | the Orb.
     0 | D:1      | Reached XP level 1. HP: 16/16 MP: 3/3
   149 | D:1      | Reached skill level 1 in Stealth
   229 | D:1      | Reached XP level 2. HP: 15/23 MP: 4/4
   383 | D:1      | HP: 1/23 [jackal (3)]
   397 | D:1      | HP: 1/23 [jackal (1)]
   406 | D:1      | HP: 1/23 [jackal (1)]
  1368 | D:1      | Reached XP level 3. HP: 28/28 MP: 5/5
  1464 | D:2      | Found a shadowy altar of Dithmenos.
  1464 | D:2      | Found a hide-covered altar of Uskayaw.
  1465 | D:2      | Found a sparkling altar of Nemelex Xobeh.
  1656 | D:2      | Noticed Terence
  1676 | D:2      | Killed Terence
  1676 | D:2      | Reached XP level 4. HP: 24/35 MP: 6/6
  2721 | D:3      | Reached XP level 5. HP: 40/40 MP: 7/7
  3064 | D:3      | Reached skill level 4 in Evocations
  3622 | D:4      | Noticed an ogre
  3623 | D:4      | Noticed a phantom
  3680 | D:4      | Killed a phantom
  3680 | D:4      | Reached XP level 6. HP: 20/47 MP: 9/9
  3869 | D:4      | Noticed Edmund
  3918 | D:4      | Found an iron altar of Okawaru.
  3936 | D:4      | Killed Edmund
  3936 | D:4      | Your scales start taking on an icy white colour.
  3936 | D:4      | Reached XP level 7. HP: 40/52 MP: 10/10
  3936 | D:4      | Gained mutation: Your flesh is cold resistant. (rC+) [White
                  | Draconian growth]
  4444 | D:5      | Entered Level 5 of the Dungeon
  4471 | D:5      | Reached skill level 5 in Evocations
  4558 | D:5      | Found a staircase to the Ecumenical Temple.
  4571 | D:5      | Reached skill level 1 in Axes
  4583 | Temple   | Entered the Ecumenical Temple
  4595 | Temple   | Became a worshipper of Ashenzari the Shackled
  5585 | D:6      | Reached XP level 8. HP: 41/59 MP: 12/12
  5998 | D:6      | Found a blossoming altar of Fedhas.
  6084 | D:6      | Reached skill level 6 in Evocations
  6087 | D:6      | Reached skill level 5 in Dodging
  6382 | D:6      | Killed from afar by an orc priest

Levels and vault maps discovered:
D:1:      nzn_arrival_water_spiral, layout_loops_cross
D:2:      layout_basic, gammafunk_temple_overflow_claw, first_ration,
          hangedman_decor_peaks_small, small_statue_intersection, uniq_terence
D:3:      layout_loops_ring
D:4:      layout_rooms, okawaru_metal_pillars_3, uniq_edmund
D:5:      lemuel_ice_spiral_2, layout_rooms,
          minmay_temple_entry_statues_fountains
D:6:      layout_basic, lemuel_crystal_altar, fedhas_altar_1,
          kennysheep_generic_room_2
Temple:   dpeg_chambers_temple

Skill      XL: |  1  2  3  4  5  6  7  8 |
---------------+-------------------------+-----
Stealth        | 1 2 3 4 |  4.0
Dodging        | 2 3 4 5 |  5.0
Short Blades   | 2 3 4 |  4.1
Evocations     | 4 5 6 |  6.1
Axes           | 2 4 |  4.7
Fighting       | |  1.1
Shields        | |  0.2

Action                   |  1- 3 |  4- 6 |  7- 9 || total
-------------------------+-------+-------+-------++-------
Melee: Short sword       |   125 |   153 |   231 ||   509
       Tailslap          |    12 |    13 |    28 ||    53
 Abil: Breathe Frost     |       |       |     4 ||     4
Evoke: Wand              |     7 |    18 |     6 ||    31
  Use: Potion            |     2 |       |     3 ||     5
       Scroll            |     1 |     2 |     8 ||    11
 Stab: Sleeping          |     2 |     6 |     2 ||    10
       Confused          |       |     2 |       ||     2
  Eat: Chunk             |     2 |     8 |     4 ||    14
       Ration            |       |       |     1 ||     1
Armor: Skin              |    50 |    50 |   105 ||   205
Dodge: Dodged            |   107 |    78 |   179 ||   364

Table legend:
 A = Non-vault XP
 B = Vault XP
 C = Vault XP percentage of total XP
 D = Non-vault monster count
 E = Vault monster count
 F = Vault count percentage of total count
                 A         B        C        D         E       F
            +---------+---------+-------+---------+---------+-------
      Total |    1943 |     211 |   9.8 |     128 |       3 |   2.3
            +---------+---------+-------+---------+---------+-------
        D:1 |      41 |       0 |   0.0 |      21 |       0 |   0.0
        D:2 |      52 |      36 |  40.9 |      25 |       1 |   3.8
        D:3 |      85 |       0 |   0.0 |      21 |       0 |   0.0
        D:4 |     513 |     164 |  24.2 |      28 |       1 |   3.4
        D:5 |     467 |       0 |   0.0 |      16 |       0 |   0.0
        D:6 |     785 |      11 |   1.4 |      17 |       1 |   5.6
            +---------+---------+-------+---------+---------+-------
